 Dungeon Crawl Stone Soup version 0.18.1-47-g9310371 (webtiles) character file.

3047 Gargoylian the Protected (level 9, -2/69 HPs)
             Began as a Demonspawn Abyssal Knight on June 21, 2016.
             Was an Elder of Lugonu.
             Slain by modernzombie's ghost (20 damage)
             ... on level 8 of the Dungeon.
             The game lasted 00:13:40 (7010 turns).

Gargoylian the Protected (DsAK)                     Turns: 7010, Time: 00:13:42

Health: -2/69      AC: 17    Str: 17    XL:     9   Next: 56%
Magic:  10/10      EV: 10    Int: 13    God:    Lugonu [****..]
Gold:   453        SH:  0    Dex: 12    Spells: 0 memorised, 8 levels left

rFire  + . .     SeeInvis .     e - +4 broad axe
rCold  . . .     Gourm    .     I - +0 plate armour
rNeg   + . .     Faith    .     (no shield)
rPois  .         Spirit   .     (no helmet)
rElec  .         Dismiss  .     D - +2 cloak
rCorr  .         Reflect  .     (no gloves)
SustAt .         Harm     .     (no boots)
MR     .....                    (no amulet)
Stlth  ..........               f - +3 ring of evasion
                                d - ring of positive energy

@: not resistant to hostile enchantments, extremely unstealthy
A: talons 1, fire resistance 1, spiny 1
a: Depart the Abyss, Bend Space, Banish, Corrupt, Renounce Religion


You were on level 8 of the Dungeon.
You worshipped Lugonu.
Lugonu was greatly pleased with you.
You were completely stuffed.

You visited 1 branch of the dungeon, and saw 8 of its levels.
You visited the Abyss 1 time.
You also visited: Sewer.

You collected 453 gold pieces.

Inventory:

Hand Weapons
 e - a +4 broad axe (weapon)
 A - the cursed +2 dagger of Saltpetre {venom, rElec rN++ Int-3 Dex+3}
   (You found it on level 4 of the Dungeon)

   It poisons the flesh of those it strikes.
   It affects your intelligence (-3).
   It affects your dexterity (+3).
   It insulates you from electricity.
   It greatly protects you from negative energy.
   It has a curse placed upon it.
Missiles
 a - 8 javelins (quivered)
Armour
 D - a +2 cloak (worn)
 I - a +0 plate armour (worn)
Jewellery
 d - a ring of positive energy (left hand)
 f - a +3 ring of evasion (right hand)
 y - an uncursed ring of resist corrosion
Wands
 n - a wand of acid (15/15)
 q - a wand of slowing (33/48)
 t - a wand of confusion (28/48)
 B - a wand of random effects (21/48)
 J - a wand of polymorph (16/24)
Scrolls
 h - 7 scrolls of teleportation
 j - 2 scrolls of remove curse
 l - 2 scrolls of fog
 m - 2 scrolls of blinking
 z - a scroll of fear
 G - 4 scrolls of amnesia
Potions
 b - 4 potions of lignification {unknown}
 i - 2 potions of haste {unknown}
 k - a potion of heal wounds {unknown}
 r - 3 potions of degeneration {unknown}
 s - 2 potions of mutation {unknown}
 v - 2 potions of curing {unknown}
 w - a potion of invisibility {unknown}
 F - a potion of might {unknown}
 H - 2 potions of magic {unknown}
Books
 C - a book of Burglary

   Spells                             Type                      Level
   a - Swiftness                      Charms/Air                   2
   b - Passwall                       Transmutation/Earth          2
   c - Passage of Golubria            Translocation                4
   d - Lee's Rapid Deconstruction     Earth                        5
   e - Darkness                       Hexes                        6
   f - Invisibility                   Hexes                        6
Comestibles
 c - 9 bread rations
 p - a slice of pizza
 x - a beef jerky


   Skills:
 + Level 6.3 Fighting
 + Level 5.9 Axes
 * Level 8.9 Armour
 + Level 3.6 Dodging
 + Level 1.3 Stealth
 + Level 2.6 Invocations


You had 8 spell levels left.
You didn't know any spells.

Dungeon Overview and Level Annotations

Branches:
Dungeon (8/15)             Temple (0/1) D:6
   Lair: D:8-11

Altars:
Ashenzari
Dithmenos
Elyvilon
Gozag
Kikubaaqudgha
Nemelex Xobeh
Okawaru
Pakellas
Qazlal
Ru
Xom
Yredelemnul
Zin
The Shining One

Annotations:
D:8 modernzombie's ghost, novice DDBe


Innate Abilities, Weirdness & Mutations

You have sharp toenails.
Your flesh is heat resistant.
You are partially covered in sharp spines.


Message History

The hound is struck by your spines. The hound bites you but does no damage.
The orc wizard is struck by your spines.
The orc wizard completely misses you. The hound closely misses you.
The orc wizard hits you but does no damage.
Modernzombie's ghost hits you! Modernzombie's ghost freezes you.
A black bear comes into view.
Your plate armour prevents you from hitting the orc wizard.
The orc wizard is moderately wounded.
The black bear growls angrily.
You hit the hound.
The hound is severely wounded.
You hit modernzombie's ghost but do no damage.
Modernzombie's ghost is lightly damaged.
The orc wizard casts a spell at you. The puff of frost hits you!
* * * LOW HITPOINT WARNING * * *
The hound bites you but does no damage.
Modernzombie's ghost is struck by your spines.
Modernzombie's ghost hits you!!
You die...

### ### ..# #.. #.# #..
#.# #.# #.. #.# #.# #..
#######.###.##########..
........................
# ###........#.#......
#. #.h@.......+........
#.. #.#oW......#........
#o..#.#.#'##........(...
..... #.#.##.###........
....h.#.#.##†# #....###.
.....hh...##.###....# ##
........#......#....# #
......###......#....# #
...... #......#.####


You could see a black bear, a hound, an orc wizard and modernzombie's ghost.

Vanquished Creatures
  Pikel (D:8)
  A wyvern (D:8)
  A hungry ghost (D:7)
  Purgy (Sewer)
  An ice beast (D:8)
  A black bear (D:6)
  2 phantoms
  An orc warrior (D:7)
  A necrophage (D:7)
  2 ogres
  3 centaurs
  A giant frog (D:6)
  A water moccasin zombie (D:8)
  4 scorpions
  4 crimson imps
  2 centaur zombies (D:8)
  A hound (D:7)
  A jelly (D:5)
  2 orc priests
  5 orc wizards
  A giant frog skeleton (D:8)
  2 iguanas
  5 worker ants
  4 gnolls (D:6)
  13 adders
  2 shadow imps
  2 oozes
  An adder skeleton (D:5)
  2 worms
  A dart slug (D:1)
  4 giant geckos
  18 orcs
  10 giant cockroaches
  4 goblins
  7 hobgoblins
  6 jackals
  6 kobolds
  9 quokkas
  3 ball pythons
  11 bats
  A giant gecko skeleton (D:7)
  8 giant newts
  A jackal skeleton (D:7)
  A quokka skeleton (D:6)
  8 rats
166 creatures vanquished.

Vanquished Creatures (others)
  A hydra (D:4)
1 creature vanquished.

Grand Total: 167 creatures vanquished

Notes
Turn   | Place    | Note
--------------------------------------------------------------
     0 | Abyss:1  | Gargoylian the Demonspawn Abyssal Knight began the quest for the Orb.
     0 | Abyss:1  | Reached XP level 1. HP: 18/18 MP: 2/2
     5 | Abyss:1  | Found a corrupted altar of Lugonu.
    50 | Abyss:2  | Found a corrupted altar of Lugonu.
    62 | Abyss:2  | Found a shadowy altar of Dithmenos.
    74 | Abyss:2  | Noticed a small abomination
   107 | Abyss:3  | Noticed a wretched star
   108 | D:1      | Escaped the Abyss
   142 | D:1      | Reached skill level 1 in Dodging
   407 | D:1      | Gained mutation: You are partially covered in sharp spines. [demonic ancestry]
   407 | D:1      | Reached XP level 2. HP: 24/24 MP: 3/3
   485 | D:1      | Reached skill level 2 in Armour
   485 | D:1      | Reached * piety under Lugonu
   763 | D:1      | Gained mutation: You have sharp toenails. [demonic ancestry]
   763 | D:1      | Reached XP level 3. HP: 29/29 MP: 4/4
   889 | D:2      | Found an iron altar of Okawaru.
  1152 | D:2      | Found a sacrificial altar of Ru.
  1472 | D:3      | Found a faded altar to an unknown god.
  1571 | D:3      | Found a shattered altar of Ashenzari.
  1576 | D:3      | Reached ** piety under Lugonu
  1761 | D:3      | Reached XP level 4. HP: 37/37 MP: 5/5
  2001 | D:3      | Found a sparkling altar of Nemelex Xobeh.
  2061 | D:3      | Found a basalt altar of Yredelemnul.
  2087 | D:3      | Found a white marble altar of Elyvilon.
  2104 | D:3      | Found a shadowy altar of Dithmenos.
  2154 | D:4      | Reached skill level 3 in Armour
  2166 | D:4      | Reached XP level 5. HP: 36/42 MP: 6/6
  2655 | D:4      | Found a shimmering altar of Xom.
  2661 | D:4      | Got a translucent dagger
  2662 | D:4      | Identified the cursed +2 dagger of Saltpetre {venom, rElec rN++ Int-3 Dex+3} (You found it on level 4 of the Dungeon)
  2785 | D:4      | Found an oddly glowing altar of Pakellas.
  2788 | D:4      | Noticed an eight-headed hydra
  2794 | D:4      | Killed an eight-headed hydra
  2883 | D:4      | Noticed an ogre
  2888 | D:4      | Killed an ogre
  2888 | D:4      | Reached skill level 4 in Armour
  2888 | D:4      | Reached skill level 1 in Stealth
  2888 | D:4      | Reached XP level 6. HP: 48/48 MP: 7/7
  3062 | D:5      | Entered Level 5 of the Dungeon
  3333 | D:5      | Found an opulent altar of Gozag.
  3387 | D:5      | Found a glowing golden altar of the Shining One.
  3517 | D:5      | Gained mutation: Your flesh is heat resistant. [demonic ancestry]
  3517 | D:5      | Reached XP level 7. HP: 55/55 MP: 8/8
  3521 | D:5      | Reached skill level 5 in Armour
  3578 | D:5      | Reached *** piety under Lugonu
  4277 | D:6      | Found a glowing drain.
  4281 | Sewer    | Entered a sewer
  4402 | Sewer    | Noticed Purgy
  4417 | Sewer    | Killed Purgy
  4417 | Sewer    | Reached skill level 5 in Fighting
  4417 | Sewer    | Reached skill level 6 in Armour
  4783 | D:6      | Found a staircase to the Ecumenical Temple.
  5039 | D:6      | Reached XP level 8. HP: 62/62 MP: 9/9
  5454 | D:6      | Found a stormy altar of Qazlal.
  5681 | D:7      | Reached skill level 7 in Armour
  5859 | D:7      | Found a glowing silver altar of Zin.
  6062 | D:7      | Reached **** piety under Lugonu
  6065 | D:7      | Reached skill level 8 in Armour
  6438 | D:8      | Reached XP level 9. HP: 57/69 MP: 10/10
  6495 | D:8      | Noticed modernzombie's ghost (novice DDBe)
  6552 | D:8      | Reached skill level 5 in Axes
  6776 | D:8      | Noticed Pikel
  6794 | D:8      | Killed Pikel
  6819 | D:8      | Found an ancient bone altar of Kikubaaqudgha.
  7010 | D:8      | Slain by modernzombie's ghost

Skill      XL: |  1  2  3  4  5  6  7  8  9 |
---------------+----------------------------+-----
Dodging        | 1 2 3 |  3.6
Armour         | 2 3 4 6 8 |  8.9
Fighting       | 4 5 6 |  6.3
Axes           | 2 3 4 5 |  5.9
Stealth        | 1 |  1.3
Invocations    | |  2.6

Action                   |  1- 3 |  4- 6 |  7- 9 || total
-------------------------+-------+-------+-------++-------
Melee: Broad axe         |    77 |    53 |   162 ||   292
       Kick              |     3 |     8 |    38 ||    49
Invok: Depart the Abyss  |     1 |       |       ||     1
  Use: Scroll            |       |     7 |    17 ||    24
  Eat: Chunk             |     3 |     5 |     4 ||    12
       Fruit             |       |       |    22 ||    22
       Meat ration       |       |       |     1 ||     1
Armor: Leather armour    |    15 |       |       ||    15
       Chain mail        |    10 |    27 |    75 ||   112
       Plate armour      |       |       |    63 ||    63
Dodge: Dodged            |    69 |    24 |   134 ||   227
